 Dungeon Crawl Stone Soup version 0.23-a0-241-g3b46b07 (webtiles) character file.

1832 Felrender the Cleaver (level 8, -2/153 HPs)
             Began as a Demonspawn Fighter on Sept 26, 2018.
             Was a Priest of Trog.
             Killed from afar by a raiju (11 damage)
             ... with a living lightning
             ... on level 1 of the Abyss.
             The game lasted 00:15:37 (5003 turns).

Felrender the Cleaver (Demonspawn Fighter)          Turns: 5003, Time: 00:15:37

Health: -2/153     AC: 24    Str: 26    XL:     8   Next: 86%
Magic:  0/8        EV:  2    Int:  9    God:    Trog [***...]
Gold:   232        SH: 11    Dex: 18    Spells: 7/7 levels left

rFire    . . .     SeeInvis .   a - +5 war axe
rCold    . . .     Gourm    .   c - +0 shield
rNeg     + + +     Faith    .   (armour currently unavailable)
rPois    +         Spirit   +   (helmet currently unavailable)
rElec    .         Reflect  .   (cloak currently unavailable)
rCorr    .         Harm     .   (gloves currently unavailable)
MR       .....     NoTele   +   (boots currently unavailable)
Stlth    ..........             (no amulet)
HPRegen  0.35/turn              n - ring of poison resistance
MPRegen  0.11/turn              (no ring)

@: mighty, agile, berserking (expiring), tree-form, very quick
A: mutation resistance 1, powered by pain 1, robust 1, strong 1, magic shield
a: Berserk, Trog's Hand, Renounce Religion


You were on level 1 of the Abyss.
You worshipped Trog.
Trog was most pleased with you.
You were hungry.
You were a tree.
You visited 2 branches of the dungeon, and saw 7 of its levels.
You visited the Abyss 1 time.
You also visited: Sewer.

You collected 358 gold pieces.
You spent 126 gold pieces at shops.

Inventory:

Hand Weapons
 a - a +5 war axe (weapon)
 e - a +2 spear of venom
 q - a +0 mace of protection
Armour
 b - a +0 plate armour (melded)
 c - a +0 shield (worn)
 j - a +2 pair of gloves (melded)
 m - a +0 cloak (melded)
 r - a +0 pair of boots (melded)
Jewellery
 n - a ring of poison resistance (left branch)
Scrolls
 t - a scroll of remove curse
 v - a scroll of magic mapping
Potions
 d - 3 potions of might
 g - 2 potions of lignification
 h - 3 potions of curing
 k - a potion of magic {unknown}
 l - 2 potions of heal wounds
 o - 3 potions of brilliance
 p - 2 potions of agility
 s - a potion of flight
 u - a potion of resistance {unknown}
Comestibles
 f - 8 rations


   Skills:
 + Level 5.0 Fighting
 * Level 8.5 Axes
 + Level 4.2 Armour
 + Level 1.8 Dodging
 + Level 4.3 Shields


You had 7 spell levels left.
You didn't know any spells.
Your spell library was empty.

Dungeon Overview and Level Annotations

Branches:
Dungeon (6/15)             Temple (1/1) D:4

Altars:
Ashenzari
Dithmenos
Elyvilon
Gozag
Makhleb
Nemelex Xobeh
Okawaru
Qazlal
Ru
Sif Muna
Trog
Uskayaw
Vehumet
Xom
Yredelemnul
Zin
The Shining One

Shops:
D:4 *}   D:5 !

Annotations:
D:6 Crazy Yiuf


Innate Abilities, Weirdness & Mutations

((You have large cloven feet.))
((You are mostly covered in icy blue scales. (AC +3)))
You sometimes gain a little power by taking damage.
When hurt, damage is shared between your health and your magic reserves.
((Armour fits poorly on your strangely shaped body.))
You are somewhat resistant to further mutation.
You are robust. (+10% HP)
Your muscles are strong. (Str +2)


Message History

The raiju bursts into living lightning!
The living lightning hits the raiju.
The raiju completely resists.
The living lightning hits you!
* * * LOW HITPOINT WARNING * * *
Helpless, you fail to dodge the living lightning.
* * * LOW HITPOINT WARNING * * *
The living lightning hits the raiju.
The raiju completely resists.
The raiju blinks!
You slash the raiju!
The raiju is severely wounded.
You slash the raiju! x2
A spatial maelstrom comes into view.
The raiju bursts into living lightning!
The living lightning hits you!
* * * LOW HITPOINT WARNING * * *
The living lightning misses you.
The raiju blinks!
The raiju bursts into living lightning!
The living lightning hits the raiju.
The raiju completely resists.
The living lightning hits you!
You die...

###....#.#
.......# # ##
#.......#.# # .
...h.#...#.## #v
h...###..#... .
#v##.....h.....
....##.h§§..#....#
....!..♣h..h..#..
....#.#.....##. #
## . #...#..##.
.## # ##..##.##.
#.# #.. ......# .#
.# . ####.####...
.# # # #..# .## .
. # .# #..#. # ..
## #..# #.. . ###
.


You could see a spatial maelstrom, a spatial vortex and 6 raiju.

Vanquished Creatures
  A raiju (Abyss:1)
  4 phantoms
  An ogre (D:6)
  A centaur (D:6)
  A bullfrog (D:6)
  2 scorpions
  2 howler monkeys
  2 crimson imps (D:5)
  A hound (D:6)
  A centaur skeleton (D:6)
  2 orc priests
  A bullfrog skeleton (D:5)
  6 orc wizards
  Jessica (D:2)
  2 iguanas
  5 worker ants
  3 hound skeletons
  7 adders
  A river rat (D:4)
  A shadow imp (D:6)
  An ooze (D:5)
  2 adder skeletons (D:4)
  An adder zombie (D:5)
  7 worms
  3 dart slugs
  A leopard gecko (D:2)
  28 orcs
  7 ball pythons
  11 bats
  8 giant cockroaches
  7 goblins
  7 hobgoblins
  20 jackals
  3 quokkas
  8 frilled lizards
  14 kobolds
  18 rats
  A fungus (D:6)
  4 plants (Sewer)
196 creatures vanquished.

Vanquished Creatures (others)
  A plant (Sewer)
1 creature vanquished.

Grand Total: 197 creatures vanquished

Notes
Turn   | Place    | Note
-------+----------+-------------------------------------------
     0 | D:1      | Felrender the Demonspawn Fighter began the quest for the
                  | Orb.
     0 | D:1      | Reached XP level 1. HP: 18/18 MP: 1/1
   232 | D:1      | Gained mutation: You are partially covered in icy blue
                  | scales. (AC +2) [demonic ancestry]
   232 | D:1      | Reached XP level 2. HP: 22/24 MP: 2/2
   355 | D:1      | Reached skill level 2 in Axes
   552 | D:1      | Gained mutation: You sometimes gain a little power by
                  | taking damage. [demonic ancestry]
   552 | D:1      | Reached XP level 3. HP: 26/29 MP: 3/3
   786 | D:2      | Noticed Jessica
   796 | D:2      | Killed Jessica
   796 | D:2      | Gained mutation: You have large cloven feet. [demonic
                  | ancestry]
   796 | D:2      | Reached XP level 4. HP: 32/35 MP: 4/4
   904 | D:2      | Reached skill level 3 in Axes
  1024 | D:2      | Reached skill level 1 in Dodging
  1232 | D:3      | Gained mutation: Armour fits poorly on your strangely
                  | shaped body. [potion of mutation]
  1232 | D:3      | Gained mutation: You are robust. (+10% HP) [potion of
                  | mutation]
  1232 | D:3      | Gained mutation: Your muscles are strong. (Str +2) [potion
                  | of mutation]
  1232 | D:3      | Gained mutation: You are somewhat resistant to further
                  | mutation. [potion of mutation]
  1241 | D:3      | Reached XP level 5. HP: 34/45 MP: 5/5
  1529 | D:3      | Found a burning altar of Makhleb.
  1530 | D:3      | Noticed a green death
  1551 | D:3      | Found a glowing silver altar of Zin.
  1551 | D:3      | Noticed an angel
  2034 | D:4      | Found a staircase to the Ecumenical Temple.
  2044 | D:4      | Reached skill level 4 in Axes
  2044 | D:4      | Gained mutation: You are mostly covered in icy blue scales.
                  | (AC +3) [demonic ancestry]
  2044 | D:4      | Reached XP level 6. HP: 40/52 MP: 6/6
  2066 | Temple   | Entered the Ecumenical Temple
  2108 | Temple   | Became a worshipper of Trog the Wrathful
  2257 | D:4      | Found Tenohin's Elemental Accessories.
  2296 | D:4      | Found Wehu Mok's Gadget Shoppe.
  2385 | D:4      | Reached skill level 5 in Axes
  2403 | D:4      | Reached XP level 7. HP: 51/59 MP: 7/7
  2443 | D:4      | Found a glowing drain.
  2448 | Sewer    | Entered a sewer
  2528 | Sewer    | Reached * piety under Trog
  3164 | D:4      | Found a radiant altar of Vehumet.
  3176 | D:4      | Found a shattered altar of Ashenzari.
  3178 | D:4      | Found a stormy altar of Qazlal.
  3299 | D:4      | Found a white marble altar of Elyvilon.
  3474 | D:4      | Reached ** piety under Trog
  3554 | D:5      | Entered Level 5 of the Dungeon
  3603 | D:5      | Found a sacrificial altar of Ru.
  3613 | D:5      | Reached skill level 6 in Axes
  3640 | D:5      | Found a deep blue altar of Sif Muna.
  3839 | D:5      | Found Evonwac's Distillery.
  3864 | D:5      | Gained mutation: When hurt, damage is shared between your
                  | health and your magic reserves. [demonic ancestry]
  3864 | D:5      | Reached XP level 8. HP: 67/67 MP: 8/8
  4112 | D:5      | Bought a potion of lignification for 42 gold pieces
  4112 | D:5      | Bought a potion of lignification for 42 gold pieces
  4112 | D:5      | Bought a potion of lignification for 42 gold pieces
  4208 | D:5      | Reached skill level 7 in Axes
  4646 | D:6      | Reached skill level 5 in Fighting
  4648 | D:6      | Reached skill level 8 in Axes
  4705 | D:6      | Reached *** piety under Trog
  4950 | D:6      | Found a runed door.
  4954 | D:6      | Noticed Crazy Yiuf
  4957 | D:6      | Cast into level 1 of the Abyss (Crazy Yiuf)
  4990 | Abyss:1  | Noticed a raiju
  4990 | Abyss:1  | Noticed a raiju
  4994 | Abyss:1  | Noticed a raiju
  4995 | Abyss:1  | Noticed a raiju
  4997 | Abyss:1  | Noticed a raiju
  4999 | Abyss:1  | Killed a raiju
  4999 | Abyss:1  | Noticed a raiju
  5001 | Abyss:1  | Noticed a raiju
  5003 | Abyss:1  | Noticed a spatial maelstrom
  5003 | Abyss:1  | Killed from afar by a raiju

Vault maps used:
D:1:      minmay_arrival_jagged, serial_curves, eino_curves_03, eino_curves_01
D:2:      kennysheep_jessica_study
D:3:      grunt_temple_overflow_order_and_chaos_2, first_ration, st_stairs_5
D:4:      elyvilon_altar_1, gammafunk_temple_overflow_forgotten,
          minmay_temple_entry_crystal_x, portal_sewer_entry_e, serial_shops,
          nicolae_shop_behind_doors, nicolae_elemental_shop
D:5:      nicolae_ru_sacrificial_ziggurat, tgw_sif, serial_shops, shop
D:6:      uniq_crazy_yiuf_cottage
Temple:   jpeg_temple_island
Sewer:    sewer_co_scattered_pipes

Skill      XL: |  1  2  3  4  5  6  7  8 |
---------------+-------------------------+-----
Armour         | 3 4 |  4.2
Axes           | 2 3 4 5 6 8 |  8.5
Shields        | 3 4 |  4.3
Dodging        | 1 |  1.8
Fighting       | 4 5 |  5.0

Action                   |  1- 3 |  4- 6 |  7- 9 || total
-------------------------+-------+-------+-------++-------
Melee: War axe           |   114 |   135 |   277 ||   526
       Kick              |       |     7 |       ||     7
Invok: Berserk           |       |       |     1 ||     1
  Use: Scroll            |     3 |     6 |     7 ||    16
       Potion            |       |     6 |     1 ||     7
  Eat: Chunk             |       |     4 |     1 ||     5
       Ration            |       |     1 |     2 ||     3
Armor: Scale mail        |    62 |    65 |    54 ||   181
       Chain mail        |       |       |    31 ||    31
       Plate armour      |       |       |    22 ||    22
       Skin              |       |       |     8 ||     8
Dodge: Dodged            |    46 |    45 |    47 ||   138
Block: Shield            |    65 |    96 |   102 ||   263

Table legend:
 A = Non-vault XP
 B = Vault XP
 C = Vault XP percentage of total XP
 D = Non-vault monster count
 E = Vault monster count
 F = Vault count percentage of total count
                 A         B        C        D         E       F
            +---------+---------+-------+---------+---------+-------
      Total |    2483 |     135 |   5.2 |     154 |      37 |  19.4
            +---------+---------+-------+---------+---------+-------
        D:1 |      48 |       0 |   0.0 |      31 |       0 |   0.0
        D:2 |      82 |      39 |  32.2 |      26 |       2 |   7.1
        D:3 |     143 |       7 |   4.7 |      27 |       3 |  10.0
        D:4 |     765 |      25 |   3.2 |      31 |       8 |  20.5
        D:5 |     570 |       0 |   0.0 |      25 |       0 |   0.0
        D:6 |     618 |       0 |   0.0 |      13 |       0 |   0.0
    Abyss:1 |     257 |       0 |   0.0 |       1 |       0 |   0.0
      Sewer |       0 |      64 | 100.0 |       0 |      24 | 100.0
            +---------+---------+-------+---------+---------+-------
